 Dungeon Crawl Stone Soup version 0.27-a0-972-gd1521fd518 (webtiles) character file.

Game seed: 8956456572992874786

107 littlecub the Skirmisher (level 4, -8/40 HPs)
             Began as a Ghoul Fighter on Apr 13, 2021.
             Mangled by a wight
             ... wielding a +0 flail
              (10 damage)
             ... on level 3 of the Dungeon.
             The game lasted 00:01:46 (1334 turns).

littlecub the Skirmisher (Ghoul Fighter)            Turns: 1334, Time: 00:01:47

Health: -8/40      AC:  6    Str: 20    XL:     4   Next: 86%
Magic:  3/3        EV:  7    Int:  3    God:
Gold:   140        SH:  8    Dex:  8    Spells: 3/3 levels left

rFire    . . .     SeeInvis .     - Unarmed
rCold    + . .     Faith    .   b - +0 kite shield
rNeg     + + +     Spirit   .   a - +0 scale mail
rPois    ∞         Reflect  .   (no helmet)
rElec    .         Harm     .   (no cloak)
rCorr    .         Rampage  .   (no gloves)
Will     .....                  (no boots)
Stlth    ..........             (no amulet)
HPRegen  0.00/turn              l - +4 ring of slaying
MPRegen  0.08/turn              (no ring)

@: no status effects
A: claws 1, cold resistance 1, negative energy resistance 3, inhibited
regeneration, torment resistance 2, unbreathing 1
a: no special abilities


You were on level 3 of the Dungeon.
You visited 1 branch of the dungeon, and saw 3 of its levels.

You collected 140 gold pieces.

Inventory:

Armour
 a - a +0 scale mail (worn)
 b - a +0 kite shield (worn)
Jewellery
 l - a +4 ring of slaying (left claw)
Scrolls
 d - a scroll of enchant weapon {unknown}
 g - 2 scrolls of fear {unknown}
 h - a scroll of brand weapon {unknown}
 i - a scroll of identify {unknown}
Potions
 c - a potion of might
 e - a potion of heal wounds {unknown}
 f - 2 potions of curing {unknown}
 j - a potion of degeneration {unknown}
 k - 2 potions of lignification {unknown}


   Skills:
 * Level 4.2 Fighting
 + Level 3.1 Armour
 + Level 1.2 Dodging
 + Level 3.1 Shields
 * Level 3.3 Unarmed Combat


You had 3 spell levels left.
You didn't know any spells.
Your spell library was empty.

Dungeon Overview and Level Annotations

Branches:
Dungeon (3/15)

Altars:
Zin


Innate Abilities, Weirdness & Mutations

You thrive by killing the living.
You are immune to poison.
You have sharp fingernails.
Your flesh is cold resistant. (rC+)
You are immune to negative energy. (rN+++)
You do not regenerate when monsters are visible.
You are immune to unholy pain and torment.
You can survive without breathing.


Message History

The adder is severely wounded.
You block the adder's attack.
You scratch the adder but do no damage.
The adder is severely wounded.
The adder completely misses you. You block the adder's attack.
You claw the adder!
You kill the adder!
You feel better.
Your Armour skill increases to level 3!
You claw the wight!
The wight is heavily damaged.
The wight hits you with a +0 great sword!
You closely miss the wight.
The wight is heavily damaged.
The wight hits you with a +0 great sword!
The wight barely misses you. You block the wight's attack.
You scratch the wight.
The wight is almost destroyed.
The wight hits you but does no damage. The wight hits you with a +2 flail!
* * * LOW HITPOINT WARNING * * *
You block the wight's attack.
You are too injured to fight recklessly!
You are too injured to fight recklessly!
You are too injured to fight recklessly!
You are too injured to fight recklessly!
You are too injured to fight recklessly!
The wight hits you with a +0 flail!
* * * LOW HITPOINT WARNING * * *
The wight completely misses you.
You see here 19 sling bullets.
A giant cockroach comes into view.
You scratch the wight.
You destroy the wight!
A goblin comes into view. It is wielding a +0 dagger.
The goblin shouts!
You hear a shout!
An adder comes into view.
The adder hisses angrily.
There is a stone staircase leading up here.
The wight hits you with a +0 flail!
You die...

###...##.#.##.##...#
#................#
#(.....#.##.#....#
#z#.####.##.#....#
#J#.# #.##.#....#
#z#.# #.##.##.#.#
#)#.. #.##.##.#..
#z#.. #.......#..
#@#..# #....####..
........#... #....#
#.. ...###B###..
#....# #.. ..
#....#####. ...
#)......... g...
#....#####. .....
#....# #. ......
#.##.# #. #####.


You could see 3 wights, an endoplasm, a giant cockroach and a goblin.

Vanquished Creatures
  A wight (D:3)
  2 adders
  2 dart slugs (D:2)
  An orc (D:2)
  A ball python (D:2)
  7 bats
  5 endoplasms
  A giant cockroach (D:1)
  A goblin (D:2)
  5 hobgoblins
  A jackal (D:2)
  4 quokkas
  A frilled lizard (D:2)
  6 kobolds
  3 rats
41 creatures vanquished.

Notes
Turn   | Place    | Note
-------+----------+-------------------------------------------
     0 | D:1      | littlecub the Ghoul Fighter began the quest for the Orb.
     0 | D:1      | Reached XP level 1. HP: 19/19 MP: 0/0
    85 | D:1      | Reached XP level 2. HP: 26/26 MP: 1/1
   602 | D:2      | Found a faded altar of an unknown god.
   734 | D:2      | Reached XP level 3. HP: 33/33 MP: 2/2
  1071 | D:2      | Reached skill level 1 in Dodging
  1075 | D:2      | Reached XP level 4. HP: 40/40 MP: 3/3
  1155 | D:2      | Reached skill level 4 in Fighting
  1321 | D:3      | HP: 2/40 [wight/+0 flail (8)]
  1334 | D:3      | Mangled by a wight

Illustrated notes

Levels and vault maps discovered:
D:1:      lightli_iron_boxes, layout_rooms, minivault_11, chequers_big_river
D:2:      minmay_chambers_of_twos, layout_basic, basic_ecumenical_altar
D:3:      layout_basic, general_overflow_altar, kennysheep_orc_chapel

Skill      XL: |  1  2  3  4 |
---------------+-------------+-----
Shields        | 3 |  3.1
Unarmed Combat | 3 |  3.3
Dodging        | 1 |  1.2
Fighting       | 4 |  4.2
Armour         | 3 |  3.1

Action                   |  1- 3 |  4- 6 || total
-------------------------+-------+-------++-------
Melee: Unarmed           |    93 |    17 ||   110
Armor: Scale mail        |    62 |     6 ||    68
Dodge: Dodged            |    29 |     7 ||    36
Block: Kite shield       |    46 |     7 ||    53

Table legend: (Time is in decaauts)
 A = Elapsed time spent in this place.
 B = Non-inter-level travel time spent in this place.
 C = Inter-level travel time spent in this place.
 D = Time resting spent in this place.
 E = Time spent auto-exploring this place.
 F = Levels seen in this place.
 G = Mean time per level.
                   A        B        C        D        E       F      G
               +--------+--------+--------+--------+--------+-----+--------+
         Total |   1360 |   1256 |    104 |      0 |    993 |   3 |  453.3 |
       Dungeon |   1360 |   1256 |    104 |      0 |    993 |   3 |  453.3 |
               +--------+--------+--------+--------+--------+-----+--------+

Top non-repeatable levels by time:
     D:2: 682 daAuts
     D:1: 583 daAuts
     D:3: 94 daAuts
